 Dungeon Crawl Stone Soup version 0.25.0-1-g7eea58d2a3 (webtiles) character file.

Game seed: 5513886154986679480

127 Delamore the Cudgeler (level 5, -1/32 HPs)
             Began as a Gargoyle Fighter on June 13, 2020.
             Slain by a gnoll
             ... wielding a +0 halberd
              (10 damage)
             ... on level 3 of the Dungeon.
             The game lasted 00:01:42 (1599 turns).

Delamore the Cudgeler (Gargoyle Fighter)            Turns: 1599, Time: 00:01:42

Health: -1/32      AC: 14    Str: 21    XL:     5   Next: 11%
Magic:  5/5        EV:  7    Int:  8    God:
Gold:   66         SH:  9    Dex:  9    Spells: 4/4 levels left

rFire    . . .     SeeInvis +   r - +1 mace (drain)
rCold    . . .     Gourm    .   c - +0 kite shield
rNeg     + . .     Faith    .   b - +0 scale mail
rPois    ∞         Spirit   .   (no helmet)
rElec    +         Reflect  .   (no cloak)
rCorr    .         Harm     .   (no gloves)
MR       .....                  (no boots)
Stlth    ..........             (no amulet)
HPRegen  0.10/turn              i - +4 ring of protection
MPRegen  0.09/turn              t - ring of see invisible

@: no status effects
A: negative energy resistance 1, electricity resistance, unbreathing,
petrification resistance, rot immunity, AC +4
a: no special abilities


You were on level 3 of the Dungeon.
You were not hungry.

You visited 1 branch of the dungeon, and saw 3 of its levels.

You collected 66 gold pieces.

Inventory:

Hand Weapons
 a - a +0 flail
 g - a +0 mace of holy wrath
 r - a +1 mace of draining (weapon)
Armour
 b - a +0 scale mail (worn)
 c - a +0 kite shield (worn)
Jewellery
 i - a +4 ring of protection (left hand)
 t - a ring of see invisible (right hand)
Scrolls
 h - 2 scrolls of remove curse {unknown}
 j - a scroll of enchant armour {unknown}
 m - a scroll of noise {unknown}
 p - a scroll of amnesia {unknown}
 q - a scroll of teleportation {unknown}
Potions
 d - a potion of might
 e - a potion of curing {unknown}
 k - 2 potions of brilliance {unknown}
 l - 2 potions of invisibility {unknown}
 n - a potion of magic {unknown}
 s - a potion of ambrosia {unknown}
Comestibles
 f - 6 rations
 o - 4 chunks of flesh


   Skills:
 - Level 3.2 Fighting
 + Level 5.1 Maces & Flails
 - Level 3.2 Armour
 - Level 3.2 Shields


You had 4 spell levels left.
You didn't know any spells.
Your spell library was empty.

Dungeon Overview and Level Annotations

Branches:
Dungeon (3/15)

Altars:
Makhleb
Uskayaw
The Shining One


Innate Abilities, Weirdness & Mutations

You are resistant to torment.
Your stone body is resilient. (AC +4)
You are immune to poison.
You resist negative energy. (rN+)
You are resistant to electric shocks. (rElec)
You can survive without breathing.
You are immune to petrification.
You are immune to rotting.


Message History

You are too injured to fight recklessly!
You are too injured to fight recklessly!
You are too injured to fight recklessly!
You are too injured to fight recklessly!
You hit the gnoll but do no damage. You drain the gnoll.
The gnoll is almost dead.
You block the gnoll's attack.
The gnoll hits you from afar with a +0 halberd.
You hit the gnoll.
You kill the gnoll!
The gnoll hits you from afar with a +0 halberd.
* * * LOW HITPOINT WARNING * * *
You see here a gnoll corpse.
You hit the gnoll.
The gnoll is moderately wounded.
The gnoll hits you but does no damage.
You closely miss the gnoll.
The gnoll is moderately wounded.
The gnoll hits you with a +0 halberd!
You die...

.# .# .# ### .#...#
.#... !.. .#
#########g#...+ ...
.....>..@g....# ..#
#######.###..... ..
#..# ##. . ##.## #
#..# # # ##.##.#
#################....#
...................###
...#######.....##..#


You could see 2 gnolls.

Vanquished Creatures
  2 gnolls (D:3)
  2 adders (D:2)
  3 worms
  A dart slug (D:1)
  5 leopard geckos
  3 orcs (D:2)
  6 bats
  4 giant cockroaches
  6 goblins
  8 hobgoblins
  6 jackals
  A quokka (D:3)
  7 frilled lizards
  8 kobolds
  5 rats
67 creatures vanquished.

Notes
Turn   | Place    | Note
-------+----------+-------------------------------------------
     0 | D:1      | Delamore the Gargoyle Fighter began the quest for the Orb.
     0 | D:1      | Reached XP level 1. HP: 14/14 MP: 1/1
    90 | D:1      | Reached XP level 2. HP: 19/19 MP: 2/2
   120 | D:1      | Reached skill level 3 in Maces & Flails
   223 | D:1      | Reached XP level 3. HP: 23/23 MP: 3/3
   633 | D:2      | Found a glowing golden altar of the Shining One.
   668 | D:2      | Reached skill level 4 in Maces & Flails
   893 | D:2      | Reached XP level 4. HP: 28/28 MP: 4/4
   897 | D:2      | Found a burning altar of Makhleb.
  1171 | D:2      | Found a hide-covered altar of Uskayaw.
  1590 | D:3      | Reached skill level 5 in Maces & Flails
  1590 | D:3      | Reached XP level 5. HP: 18/32 MP: 5/5
  1599 | D:3      | Slain by a gnoll

Illustrated notes

Levels and vault maps discovered:
D:1:      psy_arrival_fountain, layout_rooms, minmay_split_cup_large
D:2:      layout_basic, tso_metal_star, nicolae_overflow_crystal_walls,
          old_standard_altar, first_ration
D:3:      layout_basic

Skill      XL: |  1  2  3  4 |
---------------+-------------+-----
Maces & Flails | 3 4 5 |  5.1
Fighting       | |  3.2
Armour         | |  3.2
Shields        | |  3.2

Action                   |  1- 3 |  4- 6 || total
-------------------------+-------+-------++-------
Melee: Flail             |    81 |       ||    81
       Mace              |    46 |   114 ||   160
  Eat: Chunk             |       |     3 ||     3
Armor: Scale mail        |    77 |    58 ||   135
Dodge: Dodged            |    52 |    37 ||    89
Block: Kite shield       |    77 |    69 ||   146
